 Dungeon Crawl Stone Soup version 0.29.1-2-gbd0b4ee654 (webtiles) character file.

Game seed: 12694255149503460914

785 Ihaveafatcat the Cleaver (level 7, -2/61 HPs)
             Began as a Hill Orc Fighter on Nov 18, 2022.
             Slain by a troll (9 damage)
             ... on level 5 of the Dungeon.
             The game lasted 00:05:21 (3929 turns).

Ihaveafatcat the Cleaver (Hill Orc Fighter)         Turns: 3929, Time: 00:05:22

Health: -2/61      AC:  8    Str: 27    XL:     7   Next: 86%
Magic:  0/7        EV: 10    Int:  8    God:
Gold:   246        SH:  4    Dex: 10    Spells: 6/6 levels left

rFire   x . .      SeeInvis .   a - +1 war axe
rCold   + . .      Faith    .   c - +0 buckler
rNeg    . . .      Spirit   +   b - +1 scale mail
rPois   .          Reflect  .   (no helmet)
rElec   .          Harm     .   (no cloak)
rCorr   .          Rampage  .   (no gloves)
Will    .....                   (no boots)
Stlth   ..........              s - amulet of guardian spirit
HPRegen 0.20/turn               o - +6 ring of strength
MPRegen 0.10/turn               i - ring of ice

@: about to teleport
A: no striking features
a: no special abilities


You were on level 5 of the Dungeon.
You visited 1 branch of the dungeon, and saw 5 of its levels.

You collected 246 gold pieces.

Inventory:

Hand Weapons
 a - a +1 war axe (weapon)
Armour
 b - a +1 scale mail (worn)
 c - a +0 buckler (worn)
Jewellery
 i - a ring of ice (right hand)
 o - a +6 ring of strength (left hand)
 s - an amulet of guardian spirit (around neck)
Wands
 q - a wand of flame (17)
 x - a wand of quicksilver (12)
Scrolls
 f - a scroll of noise {unknown}
 h - a scroll of magic mapping
 n - 5 scrolls of identify {unknown}
 u - 2 scrolls of fear {unknown}
 w - a scroll of silence {unknown}
Potions
 d - 3 potions of might
 e - a potion of cancellation
 g - a potion of berserk rage {unknown}
 j - 2 potions of lignification {unknown}
 k - a potion of ambrosia {unknown}
 m - a potion of degeneration
 p - a potion of attraction {unknown}
 r - 3 potions of curing {unknown}
 t - a potion of mutation {unknown}
 v - a potion of flight {unknown}


   Skills:
 + Level 5.2 Fighting
 + Level 8.4 Axes
 + Level 5.3 Armour
 + Level 1.2 Dodging
 + Level 0.8 Stealth
 + Level 4.0 Shields


You had 6 spell levels left.
You didn't know any spells.
Your spell library contained the following spells:

 Spells                   Type           Power      Damage    Failure   Level
 Magic Dart               Conj           0%         1d3       77%         1
 Call Imp                 Summ           0%         N/A       88%         2
 Mephitic Cloud           Conj/Pois/Air  0%         N/A       98%         3
 Tukima's Dance           Hex            0%         N/A       98%         3
 Fulminant Prism          Conj/Hex       0%         3d6       100%        4
 Iskenderun's Mystic Bla  Conj/Tloc      0%         2d3       100%        4
 Passage of Golubria      Tloc           0%         N/A       100%        4
 Lee's Rapid Deconstruct  Erth           0%         3d5*      100%        5
 Yara's Violent Unravell  Hex/Tmut       0%         3d3       100%        5


Dungeon Overview and Level Annotations

Branches:
Dungeon (5/15)
 Temple: D:4-7

Altars:
The Shining One


Message History

The vampire mosquito draws strength from your injuries!
There are monsters nearby!
You slash the vampire mosquito!
The vampire mosquito is almost destroyed.
The vampire mosquito bites you.
The vampire mosquito draws strength from your injuries!
The vampire mosquito bites you but does no damage.
There are monsters nearby!
You slash the vampire mosquito!
You destroy the vampire mosquito!
Your Shields skill increases to level 4!
There are monsters nearby!
You slash the troll!
The troll is moderately wounded.
The troll closely misses you. The troll claws you. The troll claws you!
There are monsters nearby!
You closely miss the troll.
The troll is moderately wounded.
An orc comes into view. It is wielding a +0 short sword.
The troll completely misses you. The troll claws you. x2
There are monsters nearby!
You slash the troll!
The troll is severely wounded.
The troll bites you! The troll claws you! x2
* * * LOW HITPOINT WARNING * * *
There are monsters nearby!
There are monsters nearby!
You are too injured to fight recklessly!
There are monsters nearby!
You are too injured to fight recklessly!
As you read the scroll of teleportation, it crumbles to dust.
You feel strangely unstable. You block the troll's attack.
The troll barely misses you. The troll claws you.
* * * LOW HITPOINT WARNING * * *
The troll bites you.
* * * LOW HITPOINT WARNING * * *
The troll barely misses you. x2
Unknown command.
The troll closely misses you. The troll claws you!
You die...

.# #....# #. .#
##...#.# #.# .# ....
..# #.. ..# #.
#..#.#o#.# #..#
##.###...###g# #..
...........#.#l#.#
#............###T.#
..............#.@.#
............#..###..#
............##.....##
...........#########
...........#
......##...#
...........##
....##......#
....#####..##


You could see a troll, a wyvern, a gnoll bouda and an orc.

Vanquished Creatures
  A vampire mosquito (D:5)
  A water moccasin (D:5)
  2 ice beasts (D:5)
  A necrophage (D:5)
  A jelly (D:5)
  3 orc wizards (D:4)
  Natasha (D:2)
  Terence (D:3)
  6 adders
  2 worms (D:3)
  2 dart slugs
  11 orcs
  7 ball pythons
  5 endoplasms
  A giant cockroach (D:4)
  7 goblins
  4 hobgoblins
  10 jackals
  5 quokkas
  5 bats
  A frilled lizard (D:1)
  9 kobolds
  6 rats
92 creatures vanquished.

Vanquished Creatures (others)
  8 plants (D:3)
8 creatures vanquished.

Grand Total: 100 creatures vanquished

Notes
Turn   | Place    | Note
-------+----------+-------------------------------------------
     0 | D:1      | Ihaveafatcat the Hill Orc Fighter began the quest for the
                  | Orb.
     0 | D:1      | Reached XP level 1. HP: 19/19 MP: 1/1
    64 | D:1      | Found a faded altar of an unknown god.
   260 | D:1      | Reached XP level 2. HP: 24/27 MP: 2/2
   426 | D:1      | Reached skill level 3 in Axes
   914 | D:2      | Reached XP level 3. HP: 25/33 MP: 3/3
  1178 | D:2      | Reached XP level 4. HP: 40/40 MP: 4/4
  1191 | D:2      | Reached skill level 4 in Axes
  1648 | D:2      | Noticed Natasha
  1654 | D:2      | Killed Natasha
  2004 | D:3      | Noticed Terence
  2013 | D:3      | Killed Terence
  2014 | D:3      | Reached XP level 5. HP: 46/46 MP: 5/5
  2016 | D:3      | Reached skill level 5 in Axes
  2151 | D:3      | Found a glowing golden altar of the Shining One.
  2818 | D:4      | Reached XP level 6. HP: 51/53 MP: 6/6
  2867 | D:4      | Reached skill level 6 in Axes
  3642 | D:5      | Entered Level 5 of the Dungeon
  3664 | D:5      | Noticed an ice beast
  3673 | D:5      | Killed an ice beast
  3674 | D:5      | Reached skill level 1 in Dodging
  3676 | D:5      | Noticed a water moccasin
  3679 | D:5      | Killed a water moccasin
  3680 | D:5      | Reached skill level 7 in Axes
  3680 | D:5      | Reached XP level 7. HP: 42/60 MP: 7/7
  3844 | D:5      | Reached skill level 5 in Armour
  3911 | D:5      | Reached skill level 5 in Fighting
  3911 | D:5      | Reached skill level 8 in Axes
  3917 | D:5      | Noticed a vampire mosquito
  3917 | D:5      | Noticed a troll
  3920 | D:5      | Noticed a wyvern
  3922 | D:5      | Killed a vampire mosquito
  3929 | D:5      | Slain by a troll

Illustrated notes

Levels and vault maps discovered:
D:1:      minmay_arrival_five_plusses, layout_basic,
          chequers_ecumenical_altar_island, minmay_misc_feat_pillars,
          minmay_tromino_v4_b
D:2:      layout_basic, uniq_natasha
D:3:      layout_rooms, mainiacjoe_overflow_small_starburst,
          guppyfry_early_lair_pool, uniq_terence
D:4:      layout_basic, minmay_fountain_box
D:5:      layout_cave_pools, okawaru_altar_gauntlet_db, evilmike_ruin_ashenzari,
          minmay_temple_entry_sparse_star, minivault_24, grunt_ministairs_13,
          minmay_manual_mail, uniq_edmund

Skill      XL: |  1  2  3  4  5  6  7 |
---------------+----------------------+-----
Axes           | 3 4 5 7 8 |  8.4
Fighting       | 4 5 |  5.2
Armour         | 4 5 |  5.3
Dodging        | 1 |  1.2
Shields        | 4 |  4.0
Stealth        | |  0.8

Action                   |  1- 3 |  4- 6 |  7- 9 || total
-------------------------+-------+-------+-------++-------
Melee: War axe           |    94 |   143 |    19 ||   256
  Use: Scroll            |       |     6 |     1 ||     7
       Potion            |       |     2 |       ||     2
Armor: Scale mail        |    45 |   101 |     9 ||   155
Dodge: Dodged            |    56 |    77 |    14 ||   147
Block: Buckler           |    26 |    28 |     2 ||    56
